 Dungeon Crawl Stone Soup version 0.28-a0-1159-g27aa881441 (webtiles) character file.

Game seed: 13603072739676072239

2813 fragbeetle the Grappler (level 9, 0/68 HPs)
             Began as a Pale Draconian Transmuter on Dec 15, 2021.
             Was a Follower of Makhleb.
             Slain by Harold (21 damage)
             ... on level 8 of the Dungeon.
             The game lasted 00:22:52 (7696 turns).

fragbeetle the Grappler (Pale Draconian Transmuter) Turns: 7696, Time: 00:22:53

Health: 0/68       AC:  2    Str: 15    XL:     9   Next: 44%
Magic:  12/15      EV: 25    Int: 15    God:    Makhleb [*.....]
Gold:   268        SH:  0    Dex: 17    Spells: 8/16 levels left

rFire   . . .      SeeInvis .     - Unarmed
rCold   . . .      Faith    .   (shield currently unavailable)
rNeg    . . .      Spirit   .   (armour unavailable)
rPois   x          Reflect  .   (helmet currently unavailable)
rElec   .          Harm     .   (cloak currently unavailable)
rCorr   .          Rampage  .   (gloves currently unavailable)
Will    .....                   (boots currently unavailable)
Stlth   ++........              (no amulet)
HPRegen 0.21/turn               x - +4 ring of evasion
MPRegen 0.14/turn               (no ring)

@: spider-form, marked
A: venomous fangs, (breathe steam), AC +7, tiny, unfitting armour,
(cold-blooded), (steam resistance)
a: End Transformation, Renounce Religion


You were on level 8 of the Dungeon.
You worshipped Makhleb.
Makhleb was aware of your devotion.
You were a venomous arachnid creature.
You visited 2 branches of the dungeon, and saw 9 of its levels.

You collected 268 gold pieces.

Inventory:

Hand Weapons
 p - a +2 flail of holy wrath
 r - a +1 trident of protection
Missiles
 q - 157 stones
 s - 13 poisoned darts
Armour
 o - a +0 pair of boots (melded)
 D - a +1 pair of gloves
Magical Staves
 w - a staff of poison
Jewellery
 x - a +4 ring of evasion (left front leg)
 B - a ring of willpower
Wands
 e - a wand of iceblast (12)
 g - a wand of acid (2)
 A - a wand of flame (20)
Scrolls
 d - 6 scrolls of teleportation
 f - 2 scrolls of vulnerability {unknown}
 h - 6 scrolls of identify {unknown}
 i - a scroll of magic mapping {unknown}
 j - a scroll of brand weapon {unknown}
 t - a scroll of immolation {unknown}
 y - a scroll of blinking {unknown}
Potions
 a - 2 potions of heal wounds {unknown}
 b - 2 potions of curing {unknown}
 c - 2 potions of berserk rage {unknown}
 k - a potion of cancellation {unknown}
 l - a potion of brilliance {unknown}
 m - 2 potions of resistance {unknown}
 n - a potion of mutation {unknown}
 u - 2 potions of lignification {unknown}
 v - a potion of ambrosia {unknown}
 z - a potion of invisibility {unknown}
 C - a potion of attraction {unknown}


   Skills:
 + Level 2.6 Fighting
 + Level 1.1 Throwing
 + Level 3.6 Dodging
 - Level 0.4 Stealth
 * Level 8.2 Unarmed Combat
 + Level 4.0 Spellcasting
 * Level 5.6 Transmutations
 * Level 4.9 Ice Magic
 * Level 4.2 Poison Magic


You had 8 spell levels left.
You knew the following spells:

 Your Spells              Type           Power      Damage    Failure   Level
a - Beastly Appendage     Tmut           40%        N/A       8%          1
b - Spider Form           Tmut/Pois      17%        N/A       19%         3
c - Ice Form              Ice/Tmut       19%        N/A       41%         4

Your spell library contained the following spells:

 Spells                   Type           Power      Damage    Failure   Level
 Wereblood                Tmut           20%        N/A       10%         2
 Passwall                 Tmut/Erth      9%         N/A       22%         2
 Ensorcelled Hibernation  Hex/Ice        20%        N/A       24%         2
 Poisonous Vapours        Pois/Air       18%        N/A       28%         2
 Corpse Rot               Necr/Air       6%         N/A       47%         2
 Swiftness                Air            3%         N/A       69%         3
 Tukima's Dance           Hex            3%         N/A       69%         3


Dungeon Overview and Level Annotations

Branches:
Dungeon (8/15)             Temple (1/1) D:5
   Lair: D:8-11

Altars:
Ashenzari
Cheibriados
Dithmenos
Elyvilon
Fedhas
Gozag
Hepliaklqana
Kikubaaqudgha
Makhleb
Nemelex Xobeh
Okawaru
Qazlal
Ru
Sif Muna
Trog
Uskayaw
Vehumet
Wu Jian
Xom
Yredelemnul
Zin
The Shining One

Annotations:
D:5 Sigmund
D:8 Harold


Innate Abilities, Weirdness & Mutations

You are a venomous arachnid creature.
You have poisonous fangs.
You are tiny and dextrous.
Your spellcasting is less reliable in this form.
Your armour is entirely melded.
You are incapable of wielding weapons or throwing items.
((You can breathe blasts of scalding, opaque steam.))
((Your pale cyan-grey scales are hard. (AC +7)))
You cannot fit into any form of body armour.
((You are cold-blooded and may be slowed by cold attacks.))
((You are immune to the effects of steam.))


Message History

A shadow imp comes into view.
Harold zaps a wand.
The mass of ice explodes!
The iceblast engulfs you! You partially resist.
You hear a shout! x3
Something shouts, "Scamper away, thou venomed nut-hook toady!"
You hear a shout!
Harold zaps a wand.
The mass of ice explodes!
The iceblast engulfs you. You partially resist.
Harold throws a throwing net.
The throwing net hits you.
You become entangled in the net!
You see here a throwing net.
You struggle against the net.
You warm up again.
Your +0 pair of boots unmelds from your body.
Harold points at you and mumbles some strange words.
A sentinel's mark forms upon you.
You struggle against the net.
An orc comes into view. It is wielding a +0 dagger.
You struggle against the net.
Harold gestures at you while chanting. The mark upon you grows brighter.
An orc comes into view. It is wielding a +0 flail.
You rip the net and break free!
The shadow imp shouts, "Despond, thou mewling hasty-witted yak-dropping!"
An orc wizard comes into view. It is wielding a +0 dagger.
There is an open door here.
Harold fires a harpoon shot at you. The harpoon shot hits you!
You are yanked forward by the harpoon shot.
The orc closely misses you. The shadow imp gestures at you.
Pain shoots through your body!
* * * LOW HITPOINT WARNING * * *
You are too injured to fight recklessly!
Casting: Ice Form (dangerous; 21% risk of failure)
Confirm with . or Enter, or press ? or * to list all spells.
You turn into a venomous arachnid creature.
Your +0 pair of boots melds into your body.
The orc completely misses you. Harold hits you with a +0 hand axe!!
You die...

###############
#.......##....#######
#####.......##...........
....#.......##...<.......
............+............
....#.......##..5.)......
....'........'.o.oo......
....#...####.#..s@##.###5
....#...# ...######
....#...#....#
....#...####.# ....#####
..# ....# ### #####


You could see Harold, an orc wizard, a shadow imp and 2 orcs.

Vanquished Creatures
  Prince Ribbit (D:5)
  A vampire mosquito (D:8)
  An orc warrior (D:8)
  2 black bears
  4 ogres
  A necrophage (D:6)
  2 centaurs
  Blork the orc (D:6)
  3 scorpions
  6 bullfrogs
  A water moccasin zombie (D:5)
  2 wights (D:6)
  6 howler monkeys
  A bullfrog zombie (D:4)
  2 centaur skeletons (D:6)
  A jelly (D:7)
  2 centaur zombies
  A gnoll shaman (D:6)
  2 orc priests (D:6)
  5 iguanas
  A scorpion zombie (D:5)
  A killer bee zombie (D:8)
  A hound zombie (D:5)
  4 gnolls (D:6)
  7 adders
  A shadow imp (D:6)
  A white imp (D:6)
  An ufetubus (D:5)
  An adder skeleton (D:4)
  4 worms
  2 dart slugs (D:2)
  15 orcs
  5 bats
  7 endoplasms
  2 giant cockroaches (D:1)
  2 hobgoblins
  2 quokkas
  2 ball pythons
  8 goblins
  A kobold (D:3)
  5 rats
118 creatures vanquished.

Vanquished Creatures (others)
  2 orc wizards (D:6)
2 creatures vanquished.

Grand Total: 120 creatures vanquished

Notes
Turn   | Place    | Note
-------+----------+-------------------------------------------
     0 | D:1      | fragbeetle the Draconian Transmuter began the quest for the
                  | Orb.
     0 | D:1      | Reached XP level 1. HP: 16/16 MP: 3/3
   492 | D:1      | Reached XP level 2. HP: 23/23 MP: 3/5
   522 | D:1      | Found a faded altar of an unknown god.
  1031 | D:2      | Reached XP level 3. HP: 10/28 MP: 4/6
  1221 | D:2      | Learned a level 3 spell: Spider Form
  1562 | D:2      | Found a radiant altar of Vehumet.
  2236 | D:3      | Reached XP level 4. HP: 31/36 MP: 7/7
  2637 | D:4      | Noticed an ogre
  2643 | D:4      | Noticed a scorpion
  2725 | D:4      | Killed a scorpion
  2726 | D:4      | Reached XP level 5. HP: 18/41 MP: 6/9
  2950 | D:4      | Learned a level 4 spell: Ice Form
  2989 | D:4      | Killed an ogre
  2990 | D:4      | Reached skill level 4 in Unarmed Combat
  2990 | D:4      | Reached skill level 1 in Poison Magic
  3276 | D:4      | Reached XP level 6. HP: 35/48 MP: 10/10
  3694 | D:5      | Entered Level 5 of the Dungeon
  3785 | D:5      | Found a staircase to the Ecumenical Temple.
  3804 | Temple   | Entered the Ecumenical Temple
  3837 | Temple   | Became a worshipper of Makhleb the Destroyer
  4266 | D:5      | Reached skill level 1 in Ice Magic
  4597 | D:5      | Noticed Prince Ribbit
  4608 | D:5      | Killed Prince Ribbit
  4609 | D:5      | Reached skill level 5 in Unarmed Combat
  4609 | D:5      | Your scales start taking on a pale cyan-grey colour.
  4609 | D:5      | Reached XP level 7. HP: 46/55 MP: 7/11
  4609 | D:5      | Gained mutation: You are immune to the effects of steam.
                  | [Pale Draconian growth]
  4780 | D:5      | Noticed Sigmund
  5330 | D:6      | Reached XP level 8. HP: 61/61 MP: 10/13
  5339 | D:6      | Reached skill level 6 in Unarmed Combat
  5659 | D:6      | Noticed Blork the orc
  5669 | D:6      | Killed Blork the orc
  5675 | D:6      | Reached skill level 5 in Transmutations
  6113 | D:6      | Found an ancient bone altar of Kikubaaqudgha.
  6132 | D:6      | Reached skill level 7 in Unarmed Combat
  6865 | D:7      | Reached XP level 9. HP: 59/68 MP: 10/14
  7009 | D:7      | Reached * piety under Makhleb
  7086 | D:7      | Reached skill level 1 in Throwing
  7219 | D:7      | You fall into a shaft and drop 1 floor!
  7627 | D:8      | Reached skill level 8 in Unarmed Combat
  7682 | D:8      | Noticed Harold
  7696 | D:8      | Slain by Harold

Illustrated notes

Levels and vault maps discovered:
D:1:      lordsloth_arrival_two_stooges, layout_basic,
          shapermc_ecumenical_altar_pompeii
D:2:      layout_basic, basic_altar, minmay_close_crescents
D:3:      layout_basic
D:4:      layout_cave_pools, minmay_pentomino_pile
D:5:      layout_basic, minmay_temple_entry_crystal_x, uniq_sigmund,
          uniq_prince_ribbit1
D:6:      layout_gridville, mainiacjoe_overflow_concentric_impassable,
          kennysheep_cluttered_room, serial_park_tiny_pond, st_stairs_6,
          uniq_blork_the_orc
D:7:      layout_loops_cross
D:8:      layout_basic, lair_entry_dummy, st_stairs_1, uniq_erica, uniq_grum,
          uniq_harold
Temple:   nicolae_temple_the_god_donut

Skill      XL: |  1  2  3  4  5  6  7  8  9 |
---------------+----------------------------+-----
Fighting       | 2 |  2.6
Dodging        | 2 3 |  3.6
Transmutations | 3 4 5 |  5.6
Unarmed Combat | 4 5 7 8 |  8.2
Poison Magic   | 1 2 3 4 |  4.2
Ice Magic      | 1 2 4 |  4.9
Spellcasting   | 3 4 |  4.0
Throwing       | 1 |  1.1
Stealth        | |  0.4

Action                   |  1- 3 |  4- 6 |  7- 9 || total
-------------------------+-------+-------+-------++-------
Melee: Unarmed           |   122 |    96 |   225 ||   443
       Kick              |    23 |    16 |     4 ||    43
       Headbutt          |    20 |    12 |     3 ||    35
       Tailslap          |    11 |     8 |     3 ||    22
       Punch             |     1 |     1 |       ||     2
Throw: Dart              |       |       |     4 ||     4
 Cast: Beastly Appendage |    32 |    19 |     5 ||    56
       Spider Form       |       |     4 |    29 ||    33
       Ice Form          |       |       |     1 ||     1
Evoke: Wand              |       |     3 |       ||     3
  Use: Scroll            |       |       |     1 ||     1
 Stab: Sleeping          |       |       |     1 ||     1
Armor: Skin              |    42 |    24 |    27 ||    93
Dodge: Dodged            |    79 |    66 |   227 ||   372

Table legend: (Time is in decaauts)
 A = Elapsed time spent in this place.
 B = Non-inter-level travel time spent in this place.
 C = Inter-level travel time spent in this place.
 D = Time resting spent in this place.
 E = Time spent auto-exploring this place.
 F = Levels seen in this place.
 G = Mean time per level.
                   A        B        C        D        E       F      G
               +--------+--------+--------+--------+--------+-----+--------+
         Total |   7655 |   7599 |     56 |   1201 |   3960 |   9 |  850.6 |
       Dungeon |   7376 |   7320 |     56 |   1201 |   3722 |   8 |  922.0 |
        Temple |    278 |    278 |      0 |      0 |    238 |   1 |  278.0 |
               +--------+--------+--------+--------+--------+-----+--------+

Top non-repeatable levels by time:
     D:6: 1464 daAuts
     D:5: 1343 daAuts
     D:4: 1053 daAuts
     D:2: 969 daAuts
     D:3: 834 daAuts
     D:1: 826 daAuts
     D:7: 792 daAuts
  Temple: 278 daAuts
     D:8: 91 daAuts
